 Dungeon Crawl Stone Soup version 0.31-a0-202-g547052bce9 (webtiles) character file.

Game seed: 6250321228051055060

17 qw the Shooter (level 2, 0/16 HPs)
             Began as a Deep Elf Hunter on June 26, 2023.
             Slain by a quokka (2 damage)
             ... on level 1 of the Dungeon.
             The game lasted 00:00:08 (236 turns).

qw the Shooter (Deep Elf Hunter)                     Turns: 236, Time: 00:00:08

Health: 0/16       AC:  3    Str:  8    XL:     2   Next: 44%
Magic:  4/4        EV: 12    Int: 13    God:
Gold:   10         SH:  0    Dex: 18    Spells: 1/1 levels left

rFire   . . .        a - +0 shortbow
rCold   . . .        (shield currently unavailable)
rNeg    . . .        c - +0 leather armour
rPois   .            (no helmet)
rElec   .            (no cloak)
rCorr   .            (no gloves)
SInv    .            (no boots)
Will    .....        (no amulet)
Stlth   ++           (no ring)
HPRegen 0.22/turn    (no ring)
MPRegen 0.09/turn

%: no passive effects
@: no status effects
A: no striking features
a: no special abilities


You were on level 1 of the Dungeon.
You visited 1 branch of the dungeon, and saw 1 of its levels.

You collected 10 gold pieces.


   Skills:
 - Level 1.5 Fighting
 + Level 6.2 Ranged Weapons
 - Level 2.4 Dodging
 - Level 1.2 Stealth


You had one spell level left.
You didn't know any spells.
Your spell library was empty.

Inventory:

Hand Weapons
 a - a +0 shortbow (weapon)
Armour
 c - a +0 leather armour (worn)
Scrolls
 b - a scroll of butterflies
 d - a scroll of enchant weapon {unknown}
Potions
 e - 2 potions of cancellation {unknown}
 f - a potion of brilliance {unknown}

Dungeon Overview and Level Annotations

Branches:
Dungeon (1/15)

Altars:


Message History

You shoot an arrow. The arrow hits the bat!
You kill the bat!
The giant cockroach bites you but does no damage.
You shoot an arrow. The arrow hits the giant cockroach.
The giant cockroach is moderately wounded.
The giant cockroach bites you.
A quokka comes into view.
You shoot an arrow.
The arrow hits the giant cockroach but does no damage.
The giant cockroach is moderately wounded.
The giant cockroach closely misses you. The giant cockroach barely misses you.
An endoplasm comes into view.
You shoot an arrow. The arrow hits the giant cockroach!
You kill the giant cockroach!
You shoot an arrow. The arrow hits the quokka.
The quokka is severely wounded.
The quokka bites you. The quokka closely misses you.
You shoot an arrow. The arrow hits the quokka!
You kill the quokka!
The endoplasm freezes you.
You are frozen.
You shoot an arrow. The arrow hits the endoplasm.
The endoplasm is heavily wounded.
The quokka barely misses you. The endoplasm freezes you.
You are frozen.
The quokka bites you.
You shoot an arrow. The arrow hits the endoplasm!
You kill the endoplasm!
The quokka closely misses you.
You shoot an arrow. The arrow closely misses the quokka.
The quokka bites you.
You shoot an arrow. The arrow closely misses the quokka.
The quokka bites you but does no damage.
The quokka barely misses you.
You shoot an arrow. The arrow barely misses the quokka.
The quokka bites you.
You shoot an arrow. The arrow barely misses the quokka.
The quokka bites you but does no damage.
The quokka bites you.
You die...

... #..# .... .#.
#### ##..#.#.......
#?.. ...#.........#
#!.g ............). #
#)lr#.............###
#.####@#
..#........%..
#.....#.#..
...........
###...##.#
............
#.....#.#....##......
##.#.)##.##.> #...###
#.##...#[#.# #...#
#......###.# #.###
####.#.....###.#
#.##........#


You could see a quokka, a goblin and a frilled lizard.

Vanquished Creatures
  3 bats (D:1)
  2 endoplasms (D:1)
  2 giant cockroaches (D:1)
  2 hobgoblins (D:1)
  A kobold (D:1)
  2 quokkas (D:1)
  A ball python (D:1)
  A rat (D:1)
14 creatures vanquished.

Notes
Turn   | Place    | Note
-------+----------+-------------------------------------------
     0 | D:1      | qw the Deep Elf Hunter began the quest for the Orb.
     0 | D:1      | Reached XP level 1. HP: 12/12 MP: 3/3
     0 | D:1      | 0 ||| qw: Version: 0.3-a-22-g0ed2b0b
     0 | D:1      | 0 ||| qw: Game counter: 5906
     0 | D:1      | 0 ||| qw: Melee chars always use a shield: true
     0 | D:1      | 0 ||| qw: God list: Okawaru
     0 | D:1      | 0 ||| qw: Allow faded altars: false
     0 | D:1      | 0 ||| qw: Do Orc after clearing Dungeon:15 true
     0 | D:1      | 0 ||| qw: Do second Lair branch before Depths: true
     0 | D:1      | 0 ||| qw: Lair rune preference: random
     0 | D:1      | 0 ||| qw: Goals: Normal
     0 | D:1      | 0 ||| PLANNING D:1-11
   179 | D:1      | Reached skill level 6 in Ranged Weapons
   179 | D:1      | Reached XP level 2. HP: 16/16 MP: 4/4
   233 | D:1      | HP: 3/16 [quokka (2)]
   236 | D:1      | Slain by a quokka

Levels and vault maps discovered:
D:1:      minmay_arrival_stair_chambers, layout_loops_ring, minivault_24,
          hex_large, minmay_vboxes

Skill      XL: |  1 |
---------------+----+-----
Ranged Weapons | 6 |  6.2
Fighting       | |  1.5
Dodging        | |  2.4
Stealth        | |  1.2

Action                     || total
---------------------------++-------
   Fire: Shortbow          ||    43
 Armour: Leather armour    ||     5
  Dodge: Dodged            ||    10

Table legend:
 A = Non-vault XP
 B = Vault XP
 C = Vault XP percentage of total XP
 D = Non-vault monster count
 E = Vault monster count
 F = Vault count percentage of total count
                 A         B        C        D         E       F
            +---------+---------+-------+---------+---------+-------
      Total |      15 |      10 |  40.0 |       8 |       6 |  42.9
            +---------+---------+-------+---------+---------+-------
        D:1 |      15 |      10 |  40.0 |       8 |       6 |  42.9
            +---------+---------+-------+---------+---------+-------
